Cogmind - Beta 9.2 @@@ ROGUE MODE // 2019.11.23 @ 15:32:57 Player: Suslik Result: Destroyed self with Mini Grenade Launcher Performance ------------- Evolutions (0) 0 Regions Visited (4) 800 Robots Destroyed (38) 190 Value Destroyed (831) 831 Prototype IDs (0) 0 Alien Tech Used (0) 0 Bonus (0) 0 TOTAL SCORE: 1821 Bonus ------- None Cogmind --------- Core Integrity 0/250 Matter 237/300 Energy 125/125 System Corruption 0% Temperature Cool (0) Movement Core (950) Ox18 Location -9/Mines Parts ------- > --- POWER (1) -------- Light Ion Engine > --- PROPULSION (2) --- (None) > --- UTILITY (2) ------ Large Storage Unit High-capacity Storage Unit > --- WEAPON (2) ------- Improved Light Cannon Mini Grenade Launcher > --- INVENTORY (18) --- Wheel Large Storage Unit Large Storage Unit Large Storage Unit High-capacity Matter Pod (200) Hardened Light Armor Plating Hardened Light Armor Plating Hardened Light Armor Plating Hardened Light Armor Plating Autogun Autogun Autogun Autogun Improved Light Cannon Rocket Launcher Mini Grenade Launcher Mini Grenade Launcher Mini Grenade Launcher Peak State ------------ > --- POWER ------------ Light Ion Engine > --- PROPULSION ------- Light Treads Light Treads > --- UTILITY ---------- Large Storage Unit High-capacity Storage Unit > --- WEAPON ----------- Improved Light Cannon Improved Light Cannon > --- INVENTORY -------- Light Ion Engine Wheel Small Storage Unit Hardened Light Armor Plating Hardened Light Armor Plating Hardened Light Armor Plating Hardened Light Armor Plating Autogun Autogun Autogun Autogun Improved Light Cannon Improved Light Cannon Mini Grenade Launcher Mini Grenade Launcher Mini Grenade Launcher Mini Grenade Launcher [Rating: 12] Favorites ----------- Power Light Ion Engine Engine Light Ion Engine Propulsion Light Treads Treads Light Treads Leg Aluminum Leg Utility Large Storage Unit Storage Large Storage Unit Weapon Improved Light Cannon Energy Gun Medium Laser Energy Cannon Beam Cannon Ballistic Gun Autogun Ballistic Cannon Improved Light Cannon Launcher Mini Grenade Launcher Build | -11 -10 -10 -10 -9 ------- Run | Scr Mat Min Exi Min Slots Evolved . | . . . . . Power . | . . . . . Propulsion . | . . . . . Utility . | . . . . . Weapon . | . . . . . Parts Attached 19 | 3 5 9 1 1 Power 1 | . . 1 . . Engine 1 | . . 1 . . Core . | . . . . . Reactor . | . . . . . Propulsion 3 | 2 . 1 . . Treads 3 | 2 . 1 . . Leg . | . . . . . Wheel . | . . . . . Hover . | . . . . . Flight . | . . . . . Utility 4 | 1 2 . 1 . Device . | . . . . . Storage 4 | 1 2 . 1 . Processor . | . . . . . Hackware . | . . . . . Protection . | . . . . . Artifact . | . . . . . Weapon 11 | . 3 7 . 1 Energy Gun . | . . . . . Energy Cannon 1 | . 1 . . . Ballistic Gun 2 | . . 2 . . Ballistic Cannon 5 | . 2 3 . . Launcher 3 | . . 2 . 1 Special Weapon . | . . . . . Impact Weapon . | . . . . . Slashing Weapon . | . . . . . Piercing Weapon . | . . . . . Special Melee Weapon . | . . . . . Unidentified Prototypes . | . . . . . Parts Lost 5 | . . 3 . 2 Power 1 | . . 1 . . Propulsion 2 | . . . . 2 Utility . | . . . . . Weapon 2 | . . 2 . . Highest Loss Streak 2 | . . 1 . 2 Average Slot Usage (%) 99 | . 100 99 100 92 Engine 14 | . 14 14 14 14 Treads 27 | . 28 28 28 21 Storage 28 | . 28 28 28 28 Ballistic Gun 1 | . 1 2 . . Ballistic Cannon 25 | . 24 25 28 21 Naked Turns . | . . . . . Heaviest Build 59 | 14 59 59 59 59 Greatest Support 40 | 40 40 40 40 40 Greatest Overweight (x) 1 | . 1 1 1 1 Average Overweight (x) . | . . 1 1 1 Largest Inventory Capacity 18 | 8 18 18 18 18 Average Capacity 16 | 6 12 18 18 18 Most Carried 18 | 6 17 18 18 18 Average Carried 14 | 5 9 16 16 18 Final Capacity 18 | 8 18 18 18 18 Final Carried 18 | 4 17 16 18 18 Class Distribution -------------------- 100% | Mutant Dominant Class ---------------- Mutant | -10/Materials Mutant | -10/Mines Mutant | -10/Exiles Mutant | -9/Mines Resources | -11 -10 -10 -10 -9 ----------- Run | Scr Mat Min Exi Min Matter Collected 755 | 165 349 241 . . Remotely . | . . . . . Salvage Created 762 | 78 459 215 . 10 Parts 50 | 3 29 18 . . Haulers Intercepted . | . . . . . Recyclers Shooed 2 | . . 2 . . Parts Field Recycled . | . . . . . Retrieved Matter . | . . . . . Parts Self-Destructed . | . . . . . Prevented . | . . . . . Kills | -11 -10 -10 -10 -9 ------- Run | Scr Mat Min Exi Min Combat Hostiles Destroyed 34 | . 17 10 . 7 Cannons 22 | . 16 6 . . AOE 11 | . . 4 . 7 Classes Destroyed 6 | 1 4 . . 1 Builder 1 | . 1 . . . Recycler 2 | 1 . 1 . . Watcher 1 | . 1 . . . Swarmer 8 | . 3 5 . . Grunt 19 | . 14 5 . . Assembled 7 | . . . . 7 Best Kill Streak 7 | 1 7 3 . 7 Combat Bots Only 7 | . 7 3 . 7 Max Kills in Single Turn 5 | 1 2 2 . 5 Gunslinging . | . . . . . Exploded 5 | . . 2 . 5 Melee . | . . . . . Uniques/NPCs Destroyed . | . . . . . Combat | -11 -10 -10 -10 -9 -------- Run | Scr Mat Min Exi Min Damage Taken 1075 | . 396 410 . 269 Core 253 | . 87 13 . 153 Absorbed by Shields . | . . . . . Core Remaining (%) 100 | 100 . . . . Volleys Fired 65 | 7 29 25 . 4 Largest 2 | 2 2 2 . 1 Hottest 78 | 70 78 78 . 30 Shots Fired 121 | 13 58 46 . 4 Gun 14 | 13 . 1 . . Cannon 99 | . 58 41 . . Launcher 8 | . . 4 . 4 Special . | . . . . . Kinetic 107 | 7 58 42 . . Thermal 6 | 6 . . . . Explosive 8 | . . 4 . 4 Electromagnetic . | . . . . . Robot Hit Streak 25 | 3 23 25 . 2 Robot Miss Streak 4 | 4 2 3 . 1 Penetration Max . | . . . . . Secondary Targets . | . . . . . Shots Hit Robots 71 | 5 36 28 . 2 Core Hits 55 | 3 20 18 . 14 Critical Hits . | . . . . . Critical Kills . | . . . . . Critical Parts Destroyed . | . . . . . Melee Attacks . | . . . . . Impact . | . . . . . Slashing . | . . . . . Piercing . | . . . . . Sneak Attacks . | . . . . . Combat Hostiles . | . . . . . Follow-up Attacks . | . . . . . Damage Inflicted 2689 | 50 820 1105 . 714 Guns 64 | 50 . 14 . . Cannons 1435 | . 819 616 . . Explosions 1111 | . . 397 . 714 Melee . | . . . . . Ramming 79 | . 1 78 . . Kinetic 1475 | 26 819 630 . . Thermal 24 | 24 . . . . Explosive 1111 | . . 397 . 714 Electromagnetic . | . . . . . Impact . | . . . . . Slashing . | . . . . . Piercing . | . . . . . Highest Corruption . | . . . . . Average Corruption . | . . . . . Corruption Purged . | . . . . . Overload Shots . | . . . . . Overflow Damage 103 | . 19 47 . 37 Projectiles 20 | . 19 1 . . Explosions 83 | . . 46 . 37 Melee . | . . . . . Knockbacks 24 | . 13 11 . . Impact 1 | . . 1 . . Kinetic 17 | . 10 7 . . Secondary 6 | . 3 3 . . Self-Inflicted Damage 115 | . . 30 . 85 Shots 4 | . . 1 . 3 Rammed 13 | . 1 12 . . Targets Rammed 13 | . 1 12 . . Kicked . | . . . . . Crushed . | . . . . . Highest Temperature 276 | 60 276 162 . . Average Temperature 70 | 27 82 64 . . Received Heat Transfer 327 | . 153 174 . . Siege Activations . | . . . . . Robots Corrupted . | . . . . . Combat Hostiles . | . . . . . Parts Fried . | . . . . . Impact Corruptions 2 | . 2 . . . Robots Melted . | . . . . . Combat Hostiles . | . . . . . Parts Melted . | . . . . . Heat Transferred 74 | 74 . . . . Parts Sabotaged . | . . . . . Parts Stolen . | . . . . . Parts Stripped . | . . . . . Power Chain Reactions . | . . . . . Missiles Intercepted . | . . . . . Alert | -11 -10 -10 -10 -9 ------- Run | Scr Mat Min Exi Min Peak Influence 335 | 5 335 220 . . Average Influence 92 | 2 149 68 . . Maximum Alert Level 1 | . 1 1 . . Low Security (%) 79 | 100 64 85 . 100 Level 1 20 | . 35 14 . . Level 2 . | . . . . . Level 3 . | . . . . . Level 4 . | . . . . . Level 5 . | . . . . . High Security . | . . . . . Max Security . | . . . . . Squads Dispatched 7 | . 7 . . . Investigation 3 | . 3 . . . Extermination . | . . . . . Reinforcement 4 | . 4 . . . Assault . | . . . . . Garrison . | . . . . . Intercept . | . . . . . Construction Impeded . | . . . . . Haulers Reinforced . | . . . . . Stealth | -11 -10 -10 -10 -9 --------- Run | Scr Mat Min Exi Min Distress Signals 2 | . 2 . . . Communications Jammed . | . . . . . Distress Signals . | . . . . . Times Spotted 56 | . 25 15 . 16 Peak Tracking Total 14 | . 8 3 . 14 Tactical Retreats 5 | . 1 4 . . Traps | -11 -10 -10 -10 -9 ------- Run | Scr Mat Min Exi Min Traps Triggered 2 | . 2 . . . Indirectly . | . . . . . Trap Hack Attempts . | . . . . . Triggered . | . . . . . Disarmed . | . . . . . Reprogrammed . | . . . . . Reused . | . . . . . Traps Extracted . | . . . . . Installed . | . . . . . Triggered . | . . . . . Machines | -11 -10 -10 -10 -9 ---------- Run | Scr Mat Min Exi Min Machines Disabled 2 | . 1 1 . . Max in Single Turn 1 | . 1 1 . . Machines Sabotaged . | . . . . . Garrisons Compromised . | . . . . . Overloaded Fab Kills . | . . . . . Fab Network Shutdowns . | . . . . . Hacking | -11 -10 -10 -10 -9 --------- Run | Scr Mat Min Exi Min Machines Accessed 4 | . 2 1 1 . Terminals 2 | . 1 1 . . Fabricators . | . . . . . Repair Stations . | . . . . . Recycling Units 1 | . 1 . . . Scanalyzers . | . . . . . Garrison Access . | . . . . . Total Hacks 4 | . 2 1 1 . Successful 4 | . 2 1 1 . Failed . | . . . . . Catastrophic . | . . . . . Database Lockouts . | . . . . . Manual 3 | . 2 1 . . Terminals 2 | . 1 1 . . Fabricators . | . . . . . Repair Stations . | . . . . . Recycling Units 1 | . 1 . . . Scanalyzers . | . . . . . Garrison Access . | . . . . . Terminal Hacks 3 | . 1 1 1 . Record 1 | . . . 1 . Part Schematic 1 | . . 1 . . Hauler Manifests 1 | . 1 . . . Fabricator Hacks . | . . . . . Repair Station Hacks . | . . . . . Recycling Unit Hacks . | . . . . . Scanalyzer . | . . . . . Garrison Access Hacks . | . . . . . Unauthorized Hacks 2 | . 2 . . . Terminals . | . . . . . Fabricators . | . . . . . Repair Stations . | . . . . . Recycling Units 1 | . 1 . . . Tunnel 1 | . 1 . . . Scanalyzers . | . . . . . Garrison Access . | . . . . . Data Cores Recovered . | . . . . . Used . | . . . . . Hacking Detections . | . . . . . Full Trace Events . | . . . . . Feedback Events . | . . . . . Feedback Blocked . | . . . . . Robot Schematics Acquired . | . . . . . Robots Built . | . . . . . Matter . | . . . . . Time . | . . . . . Total Robot Build Rating . | . . . . . Part Schematics Acquired 1 | . . 1 . . Parts Built . | . . . . . Matter . | . . . . . Time . | . . . . . Total Part Build Rating . | . . . . . Parts Repaired . | . . . . . Time . | . . . . . Parts Recycled . | . . . . . Recycled Matter . | . . . . . Retrieved Matter . | . . . . . Retrieved Components . | . . . . . Parts Scanalyzed . | . . . . . Part Schematics Acquired . | . . . . . Parts Damaged . | . . . . . Bothacking | -11 -10 -10 -10 -9 ------------ Run | Scr Mat Min Exi Min Used RIF Installer . | . . . . . Robots Hacked . | . . . . . Non-combat . | . . . . . Combat . | . . . . . Robot Hacks Applied . | . . . . . Relay Couplers Released . | . . . . . Robots Rewired . | . . . . . Allies Hacked . | . . . . . Hacks Repelled . | . . . . . Allies | -11 -10 -10 -10 -9 -------- Run | Scr Mat Min Exi Min Total Allies . | . . . . . Largest Group . | . . . . . Highest-Rated Group . | . . . . . Highest-Rated Ally . | . . . . . Total Orders . | . . . . . Ally Attacks . | . . . . . Total Damage . | . . . . . Kills . | . . . . . Allies Corrupted . | . . . . . Allies Melted . | . . . . . Intel | -11 -10 -10 -10 -9 ------- Run | Scr Mat Min Exi Min Robot Analysis Total . | . . . . . Derelict Logs Recovered 1 | . . 1 . . Drone Launches . | . . . . . Drone Recoveries . | . . . . . Exploration | -11 -10 -10 -10 -9 ------------- Run | Scr Mat Min Exi Min Turns Passed 2581 | 58 733 1484 287 19 Spaces Moved 1282 | 27 336 755 158 6 Core . | . . . . . Treads 1256 | 1 336 755 158 6 Legs 26 | 26 . . . . Wheels . | . . . . . Hover . | . . . . . Flight . | . . . . . Fastest Speed 120 | 120 160 180 180 180 Average Speed 175 | 121 168 180 180 180 Slowest Speed 180 | 160 180 180 180 180 Overloaded Moves . | . . . . . Propulsion Burnouts . | . . . . . Robots Hopped . | . . . . . Cave-ins Triggered . | . . . . . Exploration Rate (%) 41 | 3 52 99 48 7 Regions Visited 4 Branch Regions 3 Pre-discovered Areas 3 | . 1 1 1 . Known Exits Taken . | . . . . . Unknown Exits Taken 4 | 1 1 1 1 . Scrap Searched 2 | . . 2 . . Spaces Dug 37 | . . 37 . . Terrain Destroyed 81 | . 2 55 . 24 Melee . | . . . . . Projectile 5 | . 2 3 . . AOE 76 | . . 52 . 24 Actions | -11 -10 -10 -10 -9 --------- Run | Scr Mat Min Exi Min Total 1483 | 40 446 823 163 11 Wait 70 | 2 49 19 . . Move 1278 | 26 335 754 157 6 Hop . | . . . . . Pick Up 22 | . 17 2 3 . Fast Attach 4 | 1 3 . . . Attach 3 | . . 3 . . Detach 1 | . 1 . . . Swap 12 | 2 2 6 1 1 Drop 14 | 2 9 1 2 . Fire 65 | 7 29 25 . 4 Melee . | . . . . . Ram . | . . . . . Kick . | . . . . . Crush 13 | . 1 12 . . Escape Stasis . | . . . . . Rewire 1 | . . 1 . . Trap . | . . . . . Miscellaneous . | . . . . . Route ------- -11/Scrapyard -10/Materials (discovered 2 exits: [*Mat] / *Min) -10/Mines (discovered 3 exits: [*Mat x2] / *Exi) -10/Exiles -9/Mines History --------- Turn | Location | Event 14 | -11/Scrapyard | Discovered new exit (range 3) 59 | -11/Scrapyard | Entered Materials 216 | -10/Materials | Discovered new exit (range 8) 309 | -10/Materials | Build established: Mutant 338 | -10/Materials | Destroyed 7 combat bots 476 | -10/Materials | Discovered new exit (range 14) 792 | -10/Materials | Entered Mines 1018 | -10/Mines | Deemed a non-threat by the Exiles lab entrance 1018 | -10/Mines | Discovered new exit (range 5) 1085 | -10/Mines | Discovered new exit (range 11) 1140 | -10/Mines | Learned location of Storage (-9) 1342 | -10/Mines | Learned Materials terminal intel 1358 | -10/Mines | Discovered new exit (range 11) 1383 | -10/Mines | Received a Rocket Launcher from a helpful Derelict 2276 | -10/Mines | Entered Exiles 2321 | -10/Exiles | Met 8R-AWN 2350 | -10/Exiles | Met EX-HEX 2420 | -10/Exiles | Met EX-DEC 2429 | -10/Exiles | Learned location of Zion (-6) 2538 | -10/Exiles | Discovered new exit (range 14) 2563 | -10/Exiles | Entered Mines 2564 | -9/Mines | Assembled infested the area 2577 | -9/Mines | Core integrity fell below 50% 2580 | -9/Mines | Core integrity fell below 20% 2582 | -9/Mines | Destroyed self with Mini Grenade Launcher Last Messages --------------- 02494_ Dropped Sml. Storage Unit. 02501_ Dropped Lrg. Storage Unit. 02501_ Acquired Lrg. Storage Unit. 02538_ EXIT=FOUND LOCATION=UNKNOWN GOAL=ESCAPE 02564_ ALERT: Infestation in the mines, dispatching Demolisher response squad. 02574_ Lgt. Treads destroyed. 02578_ Destroyed Asb. F-torch. 02578_ as-66049 destroyed. 02580_ as-65069 destroyed. 02580_ as-11365 destroyed. 02580_ as-42890 destroyed. 02580_ as-33822 destroyed. 02580_ as-35684 destroyed. 02580_ Lgt. Treads destroyed. 02580_ Destroyed Lgt. Treads. 02580_ Destroyed Asb. Hover Unit. 02582_ as-43563 destroyed. Map ----- +----------------------------------------------------+ | ????????????????????????????????????????? | | ????????????????????????????????????????? | | ????????????????????????????????????????? | | ????????????????????????????????????????? | | ????????????????????????????????????????? | | ????????????????????????????????????????? | | ????????????????????????????????????????? | | ????????????????????????????????????????? | | ????????????????????????????????????????? | | ????????????????????????????????????????? | | ????????????????????????????????????????? | | ????????????????????????????????????????? | | ????????????????????????????????????????? | | ????????????????????????????????????????? | | ????????????????????????????????????????? | | ????????????????????????????????????????? | | ????????????????????????????????????????? | | ????????????????????????????????????????? | | ??????????????????????????????####??????? | | ?????????????????????????????# ##?????? | | ????????????????????????????# #?????? | | ???????????????????????##### #?????? | | ??????????????????????## #?????? | | ??????????????????????# #??????? | | ??????????????????????# ##??????? | | ???????????????????????# @a #??????? | | ??????????????????????# aa ##??????? | | ??????????????????????# #???????? | | ????????????????????? % #???????? | | ???????????????????? a a #??????? | | ??????????????????? a #????? | | ??????????????????# # # #???? | | ??????????????????# #####a# ### ##???? | | ?????????????????? ##????# ###??####????? | | ????????????????? ??????# #????????????? | | ???????????????? ???????# #????????????? | | ??????????????? ????????#a#????????????? | | ?????????????????????????# #????????????? | | ?????????????????????????# ?????????????? | | ?????????????????????????? ?????????????? | | ??????????????????????????#?????????????? | | ????????????????????????????????????????? | | ????????????????????????????????????????? | | ????????????????????????????????????????? | | ????????????????????????????????????????? | | ????????????????????????????????????????? | | ????????????????????????????????????????? | | ????????????????????????????????????????? | | ????????????????????????????????????????? | | ????????????????????????????????????????? | +----------------------------------------------------+ Best States ------------- Heat Dissipation 25 Energy Generation 10 Energy Capacity 125 Matter Stores 300 Matter Capacity 300 Sight Range 16 Terrain Scan Density 10 Evasion (%) 40 Recoil Reduction 2 Item Schematics ----------------- Hcp. Storage Unit | -10/Mines | Hacked Robot Schematics ------------------ None Fabricated ------------ Nothing Alien Tech Used ----------------- None Achievements -------------- None Challenges ------------ None Game ------ Seed ReflectiveForceImmobilizer Manual? 0 Play Time 00:09:21 Cumulative 211.6 hours Start 2019.11.23 @ 15:23:56 End 2019.11.23 @ 15:32:57 Sessions 1 Manual Loads 0 Difficulty Rogue Special Mode None Game No. 187 Rogue 177 Adventurer 10 Explorer 0 Win Type - Total 4 Types 3/0/0/1/0/0/0 Lore% 66 Gallery% 82 Achievement% 65 Wizard Run 0 Options --------- ASCII 0 Keyboard 1 Movement Numpad Keybinds 0 Fullscreen 2 Font 18/SmallcapsGlow Map View 76x50 Tactical HUD 1 Map Filters NONE Filters NONE Steam 1 RUN: 3208d5ac-862f-478f-9bf4-fae95fdea52b